 Dungeon Crawl Stone Soup version 0.30-a0-528-g8c47a4955b (webtiles) character file.

Game seed: 12527510479281062526

1883 scionoferis the Transmogrifier (level 9, 0/54 HPs)
             Began as an Octopode Transmuter on Dec 21, 2022.
             Was an Initiate of Wu Jian.
             Slain by a sky beast (4 damage)
             ... on level 7 of the Dungeon on Dec 23, 2022.
             The game lasted 00:36:45 (7402 turns).

scionoferis the Transmogrifier (OpTm)               Turns: 7402, Time: 00:36:46

Health: 0/54       AC:  1    Str: 11    XL:     9   Next: 14%
Magic:  12/12      EV: 13    Int: 19    God:    Wu Jian [......]
Gold:   201        SH:  0    Dex: 13    Spells: 5/12 levels left

rFire   + . .      SeeInvis .    a - +8 falchion "Orb Guardian's Regret" {vamp, Int+2}
rCold   . . .      Faith    .    (no shield)
rNeg    . . .      Spirit   .    (helmet restricted)
rPois   .          Reflect  .    (no amulet)
rElec   .          Harm     .    u - ring of protection from fire
rCorr   .          Rampage  .    (no ring)
Will    .....                    (no ring)
Stlth   +++                      (no ring)
HPRegen 0.29/turn                (no ring)
MPRegen 0.13/turn                (no ring)
                                 (no ring)
                                 (no ring)

@: no status effects
A: almost no armour, amphibious, 8 rings, camouflage 1, gelatinous body 1,
(nimble swimmer 1), tentacles
a: Renounce Religion


You were on level 7 of the Dungeon.
You worshipped Wu Jian.
Wu Jian was noncommittal.
You visited 2 branches of the dungeon, and saw 8 of its levels.
You also visited: Ossuary.

You collected 201 gold pieces.


Innate Abilities, Weirdness & Mutations

You cannot wear most types of armour.
You are amphibious.
You can wear up to eight rings at the same time.
Your skin changes colour to match your surroundings (Stealth+).
Your rubbery body absorbs attacks. (AC +1, EV +1)
((You are camouflaged when in or above water. (Stealth+)))
You have tentacles for arms and can constrict up to eight enemies at once.


   Skills:
 + Level 1.9 Fighting
 + Level 2.3 Dodging
 - Level 4.0 Stealth
 * Level 3.9 Unarmed Combat
 - Level 2.0 Spellcasting
 + Level 9.0 Transmutations
 - Level 6.0 Ice Magic


You had 5 spell levels left.
You knew the following spells:

 Your Spells              Type           Power      Damage    Failure   Level
a - Beastly Appendage     Tmut           72%        N/A       1%          1
b - Ice Form              Ice/Tmut       30%        N/A       8%          4
c - Wereblood             Tmut           36%        N/A       1%          2

Your spell library contained the following spells:

 Spells                   Type           Power      Damage    Failure   Level
 Spider Form              Tmut/Pois      19%        N/A       8%          3
 Magic Dart               Conj           4%         1d3       17%         1
 Call Imp                 Summ           1%         N/A       26%         2
 Mephitic Cloud           Conj/Pois/Air  1%         N/A       45%         3
 Stone Arrow              Conj/Erth      2%         3d7       45%         3
 Passage of Golubria      Tloc           1%         N/A       86%         4
 Silence                  Hex/Air        0%         N/A       99%         5
 Lehudib's Crystal Spear  Conj/Erth      0%         10d2      100%        8
 Animate Armour           Summ/Erth      Unusable   N/A       N/A         4

Inventory:

Hand Weapons
 a - the +8 falchion "Orb Guardian's Regret" (weapon) {vamp, Int+2}
   (You found it on level 5 of the Dungeon)

   It occasionally heals its wielder for a portion of the damage dealt when it
   wounds a living foe.
   Int:       It affects your intelligence (+2).
 b - a +0 arbalest
   (You found it on level 5 of the Dungeon)
 C - the +4 rapier "Mimigg" {freeze, rPois Dex+4}
   (You found it on level 7 of the Dungeon)

   It freezes those it strikes, dealing additional cold damage.
   It can also slow down cold-blooded creatures.
   Dex:       It affects your dexterity (+4).
   rPois:     It protects you from poison.
Missiles
 l - 8 poisoned darts (quivered)
 v - 6 javelins
Armour
 s - a +2 kite shield
   (You found it on level 3 of the Dungeon)
Jewellery
 u - a ring of protection from fire (left tentacle)
   (You found it on level 4 of the Dungeon)
Wands
 r - a wand of paralysis (6)
   (You found it on level 3 of the Dungeon)
Scrolls
 g - a scroll of enchant armour
 i - 2 scrolls of fear
 j - 4 scrolls of noise
 k - 4 scrolls of fog
 m - 4 scrolls of blinking
 n - 2 scrolls of immolation
 p - 2 scrolls of enchant weapon
 q - a scroll of poison
 x - a scroll of teleportation
 y - 2 scrolls of vulnerability
 A - a scroll of acquirement
Potions
 c - a potion of ambrosia
 d - 2 potions of magic {unknown}
 e - 4 potions of curing
 f - a potion of lignification
 h - a potion of invisibility {unknown}
 o - 2 potions of mutation {unknown}
 t - a potion of heal wounds
 w - 2 potions of resistance
 z - 2 potions of brilliance
 B - 2 potions of flight {unknown}

Dungeon Overview and Level Annotations

Branches:
Dungeon (7/15)             Temple (1/1) D:6         Ossuary (visited)

Altars:
Cheibriados
Dithmenos
Elyvilon
Fedhas
Gozag
Hepliaklqana
Kikubaaqudgha
Makhleb
Nemelex Xobeh
Okawaru
Qazlal
Ru
Sif Muna
Trog
Uskayaw
Vehumet
Wu Jian
Xom
Yredelemnul
Zin
The Shining One

Shops:
D:3

( ........
#......#
#......#
#......#
#......#
#......#
#{.....#
##@..$..#
#.......#
##.......#
#..#######
#####.## #..†..#
##########.#####
........##.#
........##.#


There were no monsters in sight!


Message History

You shoot a bolt. The bolt barely misses the scorpion.
The orc shouts!
An orc comes into view. It is wielding a +0 hand axe.
The scorpion barely misses you.
You feel clever.
You feel a sense of dread.
a - the +8 falchion "Orb Guardian's Regret" (weapon)
{vamp, Int+2} The scorpion misses you.
You barely miss the scorpion.
The orc shouts!
Your grab misses the scorpion.
The scorpion stings you but does no damage.
An orc wizard comes into view. It is wielding a +0 dagger.
The scorpion closely misses you.
The orc wizard shouts!
You hit the scorpion. Your grab misses the scorpion.
Your tentacle-slap misses the scorpion.
The scorpion is lightly wounded.
The scorpion closely misses you.
You barely miss the scorpion. Your grab misses the scorpion.
Your squeeze misses the scorpion.
The scorpion is lightly wounded.
The scorpion stings you. The scorpion barely misses you.
Cast which spell? (? or * to list) One of your tentacles grows a vicious spike.
The scorpion stings you.
You slash the scorpion! You grab the scorpion.
Your tentacle spike misses the scorpion.
The scorpion is heavily wounded.
You constrict the scorpion. The scorpion stings you.
You are poisoned.
The scorpion poisons you!
You hit the scorpion.
The scorpion is almost dead.
You constrict the scorpion.
You feel very sick. The scorpion stings you!
You are more poisoned.
The scorpion poisons you!
The orc wizard gestures wildly while chanting.
The orc wizard flickers and vanishes!
Deactivating autopickup; reactivate with Ctrl-A.
The scorpion barely misses you. Something hits you.
Unknown command.
You hit the scorpion.
You feel better.
You kill the scorpion!
You feel very sick. Something hits you.
Your Transmutations skill increases to level 7!
You feel better.
You barely miss the orc wizard. Your grab misses the orc wizard.
Your tentacle spike misses the orc wizard.
You squeeze the orc wizard.
The orc wizard is lightly wounded.
Something hits you. Something hits you.
You slash the orc wizard!
You feel better.
You grab the orc wizard.
You squeeze the orc wizard, but do no damage.
The orc wizard is almost dead.
You constrict the orc wizard.
You kill the orc wizard!
You hear some strange, mumbled words.
A puff of flame appears from out of thin air!
The puff of flame hits you. You resist. The orc barely misses you.
Something barely misses you. The orc attacks as you move away!
The orc misses you. The orc attacks as you move away!
The orc hits you with a +0 club.
You hear the slow hiss of a very distant avalanche of sand.
You hit the orc.
You feel better.
You grab the orc. You tentacle-slap the orc.
The orc is severely wounded.
You constrict the orc.
You kill the orc!
You miss something.
You pierce something.
Your squeeze misses something.
You hear some strange, mumbled words.
You are confused.
You bump into the rock wall.
Something hits you.
You closely miss something. Your squeeze misses something. Something hits you.
You bump into the rock wall.
Something hits you.
You hit something but do no damage. Something hits you.
Something completely misses you.
You're too confused to move!
Your transformation is almost over.
Something hits you.
* * * LOW HITPOINT WARNING * * *
You feel better. Something hits you. The orc barely misses you.
You closely miss something.
You pierce something.
The orc hits you with a +0 hand axe.
You hear some strange, mumbled words.
You are confused.
Unknown command.
You hear some strange, mumbled words.
A magic dart appears from out of thin air!
The magic dart hits you!
* * * LOW HITPOINT WARNING * * *
You feel better.
An orc wizard appears from thin air!
Reactivating autopickup.
The orc wizard closely misses you. The orc hits you with a +0 hand axe.
You slash the orc wizard!
You kill the orc wizard!
The orc hits you with a +0 hand axe!
* * * LOW HITPOINT WARNING * * *
You hit the orc.
You feel better.
You grab the orc.
The orc is heavily wounded.
You constrict the orc. The orc barely misses you.
The orc hits you with a +0 hand axe!
* * * LOW HITPOINT WARNING * * *
Unknown command.
You slash the orc!
You kill the orc!
Your tentacle spike disappears.
You feel the dreadful sensation subside.
b - a +0 arbalest (weapon)
Save game and exit?
You hear the hiss of flowing sand.
There is an entrance to an ossuary on this level.
Hurry and find it before the portal is buried!
Welcome back, scionoferis the Octopode Transmuter.
Press ? for a list of commands and other information.
Unknown command.
Unknown command.
Found an escape hatch in the ceiling.
Found a scroll labelled XEMIH KOMAOMN.
Found a runed rapier.
Found a stone staircase leading down.
You hear the slow hiss of an avalanche of sand very nearby.
You feel clever.
You feel a sense of dread.
a - the +8 falchion "Orb Guardian's Regret" (weapon)
{vamp, Int+2}
Found 7 stones.
As you open the door, it creaks loudly!
An orc zombie comes into view.
You hit the orc zombie. You grab the orc zombie.
The orc zombie is severely damaged.
You constrict the orc zombie. The orc zombie completely misses you.
You hit the orc zombie.
You destroy the orc zombie!
You open the door.
A mummy comes into view.
Found a sand-covered staircase.
There is an open door here.
The helpless mummy fails to defend itself.
You slash the mummy! You grab the mummy.
You squeeze the mummy, but do no damage.
The mummy is moderately damaged.
You constrict the mummy, but do no damage.
The mummy barely misses you.
You hit the mummy.
The mummy is severely damaged.
You constrict the mummy. The mummy barely misses you.
You completely miss the mummy. You squeeze the mummy.
You destroy the mummy!
There is a sand-covered staircase here.
You start resting.
You hear the slow hiss of an avalanche of sand.
You start resting.
You hear the hiss of an avalanche of sand.
Okay, then.
Unknown command.
Okay, then.
Unknown command.
Unknown command.
As you read the scroll of identify, it crumbles to dust.
t - 3 potions of heal wounds The world spins around you as you enter the gateway.
You enter an ossuary!
Found a gate leading back out of this place.
There is an empty arch of ancient stone here.
You start resting.
HP restored.
You feel the dreadful sensation subside.
b - a +0 arbalest (weapon)
You open the gate.
A kobold skeleton and 5 orc skeletons come into view.
You shoot a bolt. The bolt hits the orc skeleton.
The orc skeleton is lightly damaged.
You shoot a bolt. The bolt hits the orc skeleton!
You destroy the orc skeleton!
You shoot a bolt.
The bolt barely misses the orc skeleton.
The bolt hits the orc skeleton!
You destroy the orc skeleton!
You feel clever.
You feel a sense of dread.
a - the +8 falchion "Orb Guardian's Regret" (weapon)
{vamp, Int+2} You slash the orc skeleton!
You destroy the orc skeleton!
You slash the orc skeleton!
You destroy the orc skeleton!
The kobold skeleton barely misses you.
You slash the kobold skeleton!
You destroy the kobold skeleton!
You feel the dreadful sensation subside.
b - a +0 arbalest (weapon)
You shoot a bolt. The bolt hits the orc skeleton!
You destroy the orc skeleton!
There is an empty arch of ancient stone here.
An orc skeleton and 2 kobold skeletons come into view.
There is an open gate here.
You shoot a bolt. The bolt hits the orc skeleton!
You destroy the orc skeleton!
You shoot a bolt.
The bolt barely misses the kobold skeleton.
You shoot a bolt.
The bolt barely misses the kobold skeleton.
You shoot a bolt. The bolt hits the kobold skeleton.
The kobold skeleton is lightly damaged.
You feel clever.
You feel a sense of dread.
a - the +8 falchion "Orb Guardian's Regret" (weapon)
{vamp, Int+2} You slash the kobold skeleton!
You destroy the kobold skeleton!
The kobold skeleton closely misses you.
You slash the kobold skeleton!
You destroy the kobold skeleton!
You feel the dreadful sensation subside.
b - a +0 arbalest (weapon)
A mummy comes into view.
You shoot a bolt. The bolt hits the mummy!
The mummy is heavily damaged.
You shoot a bolt. The bolt barely misses the mummy.
You shoot a bolt. The bolt hits the mummy!
You destroy the mummy!
You feel clever.
You feel a sense of dread.
a - the +8 falchion "Orb Guardian's Regret" (weapon)
{vamp, Int+2} You open the door.
Found a scroll of blinking.
Found a scroll of noise.
There is an open door here.
m - 4 scrolls of blinking (gained 1)
j - 3 scrolls of noise (gained 1)
There is an open door here.
As you open the door, it creaks loudly!
Found 2 sedimented yellow potions.
Found a scroll of identify and 2 potions of brilliance.
There is an open door here.
d - 2 sedimented yellow potions
g - a scroll of identify
z - 2 potions of brilliance
There is an open door here.
As you read the scroll of identify, it crumbles to dust.
p - 2 scrolls of enchant weapon You feel the dreadful sensation subside.
b - a +0 arbalest (weapon)
You open the gate.
There is an open gate here.
A gnoll skeleton and an orc skeleton come into view.
You shoot a bolt. The bolt hits the gnoll skeleton!
The gnoll skeleton is almost destroyed.
A kobold skeleton comes into view.
You shoot a bolt. The bolt hits the gnoll skeleton!
You destroy the gnoll skeleton!
An orc skeleton comes into view.
There is an open gate here.
You shoot a bolt. The bolt hits the orc skeleton!
You destroy the orc skeleton!
You shoot a bolt. The bolt hits the kobold skeleton!
You destroy the kobold skeleton!
You shoot a bolt. The bolt hits the orc skeleton.
The orc skeleton is lightly damaged.
You shoot a bolt. The bolt hits the orc skeleton!
You destroy the orc skeleton!
There is an open gate here.
Found a gate leading back out of this place. 2 orc skeletons come into view.
You shoot a bolt.
The bolt hits the orc skeleton but does no damage.
You shoot a bolt. The bolt hits the orc skeleton!
You destroy the orc skeleton!
You shoot a bolt. The bolt hits the orc skeleton!
You destroy the orc skeleton!
Found a gate leading back out of this place.
An orc skeleton and a gnoll skeleton come into view.
You shoot a bolt. The bolt hits the orc skeleton!
The orc skeleton is almost destroyed.
You shoot a bolt.
The bolt hits the orc skeleton but does no damage.
The orc skeleton is almost destroyed.
You shoot a bolt. The bolt hits the orc skeleton.
You destroy the orc skeleton!
You shoot a bolt. The bolt hits the gnoll skeleton.
The gnoll skeleton is moderately damaged.
You feel clever.
You feel a sense of dread.
a - the +8 falchion "Orb Guardian's Regret" (weapon)
{vamp, Int+2} You barely miss the gnoll skeleton.
You grab the gnoll skeleton. You squeeze the gnoll skeleton!
You destroy the gnoll skeleton!
You feel the dreadful sensation subside.
b - a +0 arbalest (weapon)
2 orc skeletons come into view.
You shoot a bolt. The bolt hits the orc skeleton!
You destroy the orc skeleton!
You shoot a bolt. The bolt hits the orc skeleton!
You destroy the orc skeleton!
Found a gate leading back out of this place.
A kobold skeleton and an orc skeleton come into view.
You shoot a bolt. The bolt hits the kobold skeleton!
You destroy the kobold skeleton!
You shoot a bolt. The bolt hits the orc skeleton.
The orc skeleton is lightly damaged.
You shoot a bolt. The bolt hits the orc skeleton.
The orc skeleton is severely damaged.
You shoot a bolt. The bolt hits the orc skeleton.
You destroy the orc skeleton!
A kobold skeleton and an orc skeleton come into view.
You shoot a bolt.
The bolt hits the kobold skeleton but does no damage.
You shoot a bolt. The bolt hits the kobold skeleton.
You destroy the kobold skeleton!
You shoot a bolt. The bolt hits the orc skeleton!
You destroy the orc skeleton!
Found a gate leading back out of this place. 2 orc skeletons come into view.
You shoot a bolt. The bolt hits the orc skeleton.
The orc skeleton is heavily damaged.
You shoot a bolt. The bolt hits the orc skeleton.
The orc skeleton is lightly damaged.
You shoot a bolt.
The bolt barely misses the orc skeleton.
You shoot a bolt. The bolt hits the orc skeleton!
You destroy the orc skeleton!
You feel clever.
You feel a sense of dread.
a - the +8 falchion "Orb Guardian's Regret" (weapon)
{vamp, Int+2} You hit the orc skeleton.
You destroy the orc skeleton!
You feel the dreadful sensation subside.
b - a +0 arbalest (weapon)
You feel clever.
You feel a sense of dread.
a - the +8 falchion "Orb Guardian's Regret" (weapon)
{vamp, Int+2} Unknown command.
You open the door.
There is an open door here.
You feel the dreadful sensation subside.
b - a +0 arbalest (weapon)
Found five items.
You feel clever.
You feel a sense of dread.
a - the +8 falchion "Orb Guardian's Regret" (weapon)
{vamp, Int+2}
There is an open door here.
Okay, then.
You open the door.
There is an open door here.
Really quaff the potion of lignification?
You turn into a tree.
Your roots penetrate the ground.
You feel the dreadful sensation subside.
b - a +0 arbalest (weapon)
You open the door. You shoot a bolt. The bolt hits the wraith!
The wraith is moderately damaged.
You feel clever.
You feel a sense of dread.
a - the +8 falchion "Orb Guardian's Regret" (weapon)
{vamp, Int+2} The wraith hits you but does no damage.
You hit the wraith but do no damage.
The wraith is moderately damaged.
The wraith hits you but does no damage.
You barely miss the wraith.
The wraith is moderately damaged.
The wraith hits you but does no damage.
You hit the wraith but do no damage.
The wraith is moderately damaged.
The wraith hits you! The wraith drains your vigour!
You feel yourself slow down. The wraith hits you but does no damage.
You slash the wraith!
The wraith is heavily damaged.
The wraith hits you. The wraith drains your vigour!
You feel as though you will be slow longer.
The wraith hits you. The wraith drains your vigour!
You feel as though you will be slow longer.
You slash the wraith!
The wraith is almost destroyed.
The wraith hits you but does no damage. x2
You closely miss the wraith.
The wraith is almost destroyed.
The wraith hits you but does no damage. The wraith hits you.
The wraith drains your vigour!
You feel as though you will be slow longer.
You barely miss the wraith.
The wraith is almost destroyed.
The wraith hits you but does no damage. The wraith hits you.
The wraith drains your vigour!
You feel as though you will be slow longer.
You hit the wraith.
You destroy the wraith!
You start resting.
Your transformation is almost over.
You start resting.
You feel less wooden.
There is an open door here.
g - a scroll labelled WEBYRO VUBLU
A - a scroll of identify
e - 3 potions of curing (gained 2)
t - 4 potions of heal wounds (gained 1)
You feel yourself speed up.
e - 4 potions of curing (gained 1)
y - 2 scrolls labelled ZEUWKU JUSOG (gained 1)
A - 2 scrolls of identify (gained 1)
There is an open door here.
Done exploring.
You open the door.
There is an open door here.
There is a gate leading back out of this place here.
As you read the scroll of identify, it crumbles to dust.
g - a scroll of enchant armour
As you read the scroll of identify, it crumbles to dust.
q - a scroll of poison You feel the dreadful sensation subside.
b - a +0 arbalest (weapon)
Welcome back to the Dungeon!
There is a collapsed entrance here.
There is an open door here.
You see here a +0 rapier of electrocution.
A - a scroll labelled XEMIH KOMAOMN A phantom comes into view.
Fire: b) +0 arbalest
Press: ? - help, Q - select action, (/) - cycle Shift-Dir - straight line, f - phantom
Aim: a phantom (dormant, 98% to hit)
You shoot a bolt. The bolt hits the phantom!
The phantom is heavily damaged.
Fire: b) +0 arbalest
Press: ? - help, Q - select action, (/) - cycle Shift-Dir - straight line, f/p - phantom
Aim: a phantom (heavily damaged, 32% to hit)
You shoot a bolt. The bolt closely misses the phantom.
Unknown command.
Fire: b) +0 arbalest
Press: ? - help, Q - select action, (/) - cycle Shift-Dir - straight line, f/p - phantom
Aim: a phantom (heavily damaged, 32% to hit)
You shoot a bolt. The bolt barely misses the phantom.
Unknown command.
You feel clever.
You feel a sense of dread.
a - the +8 falchion "Orb Guardian's Regret" (weapon)
{vamp, Int+2} You completely miss the phantom.
Your squeeze misses the phantom.
The phantom is heavily damaged.
The phantom barely misses you. The phantom hits you.
The phantom blinks!
You blink.
An adder comes into view.
You miss the phantom. Your squeeze misses the phantom.
The phantom is heavily damaged.
The phantom hits you.
You closely miss the phantom.
The phantom is moderately damaged.
The phantom barely misses you. The adder bites you.
You miss the adder. You grab the adder. You constrict the adder.
The phantom hits you.
The phantom blinks!
You blink.
You lose your grip on the adder.
The phantom closely misses you.
You closely miss the adder. You grab the adder. You squeeze the adder.
The adder is severely wounded.
You constrict the adder. The adder bites you. The phantom barely misses you.
The adder barely misses you.
You slash the adder!
You kill the adder!
The phantom hits you.
The phantom blinks!
You blink.
You slash the phantom! Your squeeze misses the phantom.
The phantom is severely damaged.
The phantom misses you.
You slash the phantom!
The phantom is almost destroyed.
The phantom hits you. x2; The phantom blinks!
You blink.
You closely miss the phantom.
The phantom is almost destroyed.
The phantom barely misses you.
You hit the phantom.
You destroy the phantom!
Training target 6.0 for Ice Magic reached!
Your Ice Magic skill increases to level 6!
There is an escape hatch in the ceiling here.
You feel the dreadful sensation subside.
b - a +0 arbalest (weapon)
You start resting.
HP restored.
Found 9 stones.
You open the door.
You see here 9 stones.
An adder comes into view.
You see here 9 stones.
There is a staircase to the Ecumenical Temple here.
You climb downwards.
Welcome to the Ecumenical Temple!
Found eighteen altars.
There is a staircase back to the Dungeon here.
Done exploring.
Search for what [? for help]? wu You enter the deep water.
There is an ornate altar of the Wu Jian Council here.
You curl up in front of the altar of Wu Jian.
The Council welcomes you!
You can now perform damaging attacks by moving towards foes.
Unknown command.
Press < or > to pray at altars.
There is a staircase back to the Dungeon here.
You climb upwards.
Welcome back to the Dungeon!
There is a staircase to the Ecumenical Temple here.
Found 5 stones.
You now have 173 gold pieces (gained 13).
You shoot a bolt. The bolt hits the adder.
The adder hisses angrily.
The adder is heavily wounded.
You feel clever.
You feel a sense of dread.
a - the +8 falchion "Orb Guardian's Regret" (weapon)
{vamp, Int+2} You miss the adder.
You grab the adder.
The adder is heavily wounded.
You constrict the adder. The adder bites you but does no damage.
The adder misses you.
You completely miss the adder. You squeeze the adder.
The adder is almost dead.
You constrict the adder.
You kill the adder!
The Council accepts your kill.
You feel the dreadful sensation subside.
b - a +0 arbalest (weapon)
B - a fizzy red potion You open the door.
An orc zombie comes into view.
You feel clever.
You feel a sense of dread.
a - the +8 falchion "Orb Guardian's Regret" (weapon)
{vamp, Int+2}
There is an open door here.
The helpless orc zombie fails to defend itself.
You slash the orc zombie!
You destroy the orc zombie!
The Council accepts your kill.
You feel the dreadful sensation subside.
b - a +0 arbalest (weapon)
There is an escape hatch in the ceiling here.
Found a blossoming altar of Fedhas.
An adder comes into view.
You shoot a bolt. The bolt hits the adder!
You kill the adder!
The Council accepts your kill.
There is a blossoming altar of Fedhas here.
You open the door.
There is an open door here.
You open the door.
There is an open door here.
You now have 185 gold pieces (gained 12).
An ufetubus comes into view.
You shoot a bolt. The bolt hits the ufetubus.
The ufetubus is moderately wounded.
You shoot a bolt. The bolt hits the ufetubus!
You kill the ufetubus!
The Council accepts your kill.
A shadow imp comes into view.
You shoot a bolt.
The bolt hits the shadow imp but does no damage.
The shadow imp shouts, "Back with thee, thou cockered miscreant vassal!"
You shoot a bolt. The bolt closely misses the shadow imp.
You shoot a bolt. The bolt closely misses the shadow imp.
The shadow imp gestures at you. Pain shoots through your body!
You feel clever.
You feel a sense of dread.
a - the +8 falchion "Orb Guardian's Regret" (weapon)
{vamp, Int+2} You lunge at the shadow imp.
You slice the shadow imp!!
You kill the shadow imp!
The Council accepts your kill.
No target in view!
You feel the dreadful sensation subside.
b - a +0 arbalest (weapon)
You start resting.
HP restored.
Found a stone staircase leading down.
You open the door.
There is an open door here.
o - 2 silvery potions (gained 1)
There is a stone staircase leading down here.
You now have 194 gold pieces (gained 9).
Found a stone staircase leading up.
C - a scroll of identify
As you read the scroll of identify, it crumbles to dust.
x - a scroll of teleportation
There is an open door here.
You open the door.
There is an open door here.
Done exploring.
Done exploring.
Search for what [Enter for "wu", or ? for help]? d: Unknown command.
(D) Dungeon (T) Temple
Where to? (Enter - Temple @ (x,y), ? - help)
What level of the Dungeon? (default 1, ? - help)
There is a stone staircase leading up here.
You climb upwards.
There is a stone staircase leading down here.
There is a stone staircase leading up here.
You climb upwards.
There is a stone staircase leading down here.
There is a stone staircase leading up here.
You climb upwards.
There is a stone staircase leading down here.
There is a stone staircase leading up here.
You climb upwards.
Level annotation: 1 runed translucent door, Crazy Yiuf
There is a stone staircase leading down here.
No reachable target in view!
You open the door. You shoot a bolt. The bolt hits Crazy Yiuf!
Crazy Yiuf is severely wounded.
You feel clever.
You feel a sense of dread.
a - the +8 falchion "Orb Guardian's Regret" (weapon)
{vamp, Int+2} You lunge at Crazy Yiuf, but your attack speed is too slow for a blow to land.
Crazy Yiuf laughs, "Nubble noodlescoop head!"
Crazy Yiuf completely misses you.
There is an open translucent door here.
Unknown command.
You closely miss Crazy Yiuf. Your grab misses Crazy Yiuf.
Your tentacle-slap misses Crazy Yiuf.
Your squeeze misses Crazy Yiuf.
Crazy Yiuf is severely wounded.
Crazy Yiuf hits you with a +2 quarterstaff of chaos!
Crazy Yiuf closely misses you.
You completely miss Crazy Yiuf. You grab Crazy Yiuf.
Crazy Yiuf is severely wounded.
You constrict Crazy Yiuf, but do no damage.
Crazy Yiuf says, "Liver!"
Crazy Yiuf closely misses you.
You hit Crazy Yiuf but do no damage.
Crazy Yiuf is severely wounded.
You constrict Crazy Yiuf.
Crazy Yiuf hits you with a +2 quarterstaff of chaos.
You are poisoned.
You hit Crazy Yiuf but do no damage. You squeeze Crazy Yiuf.
You kill Crazy Yiuf!
The Council accepts your kill.
You feel very sick.
Your Transmutations skill increases to level 8!
You feel sick.
B - 2 fizzy red potions (gained 1)
Things that are here:
a +2 quarterstaff of chaos; a +1 cloak You feel sick.
You feel sick.
You feel sick.
You feel sick.
You see here a +0 hammer.
You feel sick.
You are no longer poisoned.
Things that are here:
a +2 quarterstaff of chaos; a +1 cloak
There is an open translucent door, spattered with blood here.
HP restored.
Done exploring.
Search for what [Enter for "d:", or ? for help]? shield
Okay, then.
Unknown command.
(D) Dungeon (T) Temple
Where to? (Enter - D:2, ? - help)
What level of the Dungeon? (default 1, ? - help)
There is a stone staircase leading down here.
You climb downwards.
There is a stone staircase leading up here.
There is a stone staircase leading down here.
You climb downwards.
There is a stone staircase leading up here.
There is a stone staircase leading down here.
You climb downwards.
There is a stone staircase leading up here.
There is a stone staircase leading down here.
You climb downwards.
There is a stone staircase leading up here.
There is an open door here.
There is a stone staircase leading down here.
You feel the dreadful sensation subside.
b - a +0 arbalest (weapon)
You climb downwards.
There is a stone staircase leading up here.
Menkaure, a sky beast and 2 iguanas come into view.
The iguana hisses angrily.
You shoot a bolt. The bolt barely misses the iguana.
You shoot a bolt. The bolt barely misses the iguana.
You shoot a bolt. The bolt hits the iguana!
The iguana is heavily wounded.
You feel clever.
You feel a sense of dread.
a - the +8 falchion "Orb Guardian's Regret" (weapon)
{vamp, Int+2} The iguana bites you.
You barely miss the iguana. Your grab misses the iguana.
You squeeze the iguana.
The iguana is severely wounded.
The iguana bites you!
You hit the iguana but do no damage. You grab the iguana.
The iguana is severely wounded.
You constrict the iguana, but do no damage.
The iguana bites you!
You are too injured to fight recklessly!
You hit the iguana.
You feel better.
The iguana is severely wounded.
You constrict the iguana. The iguana barely misses you. The iguana bites you.
You slash the iguana!
You kill the iguana!
The Council accepts your kill.
There is a stone staircase leading up here.
You feel the dreadful sensation subside.
b - a +0 arbalest (weapon)
You start resting.
HP restored.
Found a shadowy altar of Dithmenos.
You see here the +4 rapier "Mimigg" {freeze, rPois Dex+4}.
C - the +4 rapier "Mimigg" {freeze, rPois Dex+4} A killer bee comes into view.
The killer bee buzzes angrily.
You hear an angry buzzing noise. x2
You hear an angry buzzing noise.
You feel agile.
The +4 rapier "Mimigg" {freeze, rPois Dex+4} glows with a cold blue light!
C - the +4 rapier "Mimigg" (weapon)
{freeze, rPois Dex+4} You miss the killer bee.
Your grab misses the killer bee.
The killer bee closely misses you. x2; The killer bee stings you.
You barely miss the killer bee. Your grab misses the killer bee.
The killer bee stings you! The killer bee barely misses you.
You miss the killer bee. Your grab misses the killer bee.
The killer bee stings you! The killer bee stings you.
The killer bee closely misses you.
You closely miss the killer bee. Your grab misses the killer bee.
The killer bee closely misses you. The killer bee stings you.
You barely miss the killer bee. Your grab misses the killer bee.
The killer bee closely misses you. The killer bee misses you.
You hit the killer bee. You freeze the killer bee. You grab the killer bee.
Your squeeze misses the killer bee.
The killer bee is moderately wounded.
You constrict the killer bee, but do no damage.
The killer bee barely misses you. The killer bee stings you.
The killer bee closely misses you.
You hit the killer bee. You freeze the killer bee.
The killer bee is severely wounded.
You constrict the killer bee, but do no damage.
The killer bee completely misses you. The killer bee barely misses you.
You puncture the killer bee! You freeze the killer bee.
You kill the killer bee!
The Council accepts your kill.
You start resting.
HP restored.
The +4 rapier "Mimigg" {freeze, rPois Dex+4} stops glowing.
You feel clever.
You feel a sense of dread.
a - the +8 falchion "Orb Guardian's Regret" (weapon)
{vamp, Int+2} You feel the dreadful sensation subside.
b - a +0 arbalest (weapon)
You see here a killer bee corpse.
D - a scroll of identify You see here a killer bee corpse.
As you read the scroll of identify, it crumbles to dust.
y - 2 scrolls of vulnerability You see here a killer bee corpse.
You shoot a bolt. The bolt hits Menkaure.
Menkaure shouts!
Menkaure is lightly damaged.
Menkaure gestures wildly while chanting.
Menkaure seems to speed up.
You shoot a bolt. The bolt hits Menkaure!
Menkaure is severely damaged.
An orc wizard comes into view. It is wielding a +0 dagger.
You shoot a bolt. The orc wizard shouts!
The bolt hits Menkaure!
You destroy Menkaure!
The Council accepts your kill.
A killer bee comes into view.
You have reached level 9!
Your experience leads to an increase in your attributes!
Increase (S)trength, (I)ntelligence, or (D)exterity?
You feel stronger. x2
You shoot a bolt. The bolt hits the orc wizard!
The orc wizard is severely wounded.
The orc wizard casts a spell.
The orc wizard flickers and vanishes!
Deactivating autopickup; reactivate with Ctrl-A.
You shoot a bolt. The bolt closely misses the iguana.
You shoot a bolt.
The bolt hits the iguana but does no damage.
Something hits you.
You feel clever.
You feel a sense of dread.
a - the +8 falchion "Orb Guardian's Regret" (weapon)
{vamp, Int+2} You hit something.
You feel better. The Council accepts your kill.
Reactivating autopickup.
You feel a bit more experienced. The iguana misses you.
You hit the iguana.
You feel better.
Your grab misses the iguana. Your squeeze misses the iguana.
The iguana is moderately wounded.
The iguana bites you!
You barely miss the iguana. You grab the iguana. You squeeze the iguana.
The iguana is heavily wounded.
You constrict the iguana, but do no damage.
The iguana barely misses you.
You completely miss the iguana. You squeeze the iguana.
The iguana is severely wounded.
You constrict the iguana. The iguana closely misses you. x2
You hit the iguana.
You feel better.
You kill the iguana!
The Council accepts your kill.
You start resting.
HP restored.
You feel the dreadful sensation subside.
b - a +0 arbalest (weapon)
Items here: ) [ ††.
An orc comes into view. It is wielding a +0 whip. x2
The orc moves out of view.
You shoot a bolt. The bolt barely misses the orc.
The orc shouts!
You shoot a bolt. The bolt barely misses the orc.
You shoot a bolt. The bolt barely misses the orc.
You feel clever.
You feel a sense of dread.
a - the +8 falchion "Orb Guardian's Regret" (weapon)
{vamp, Int+2} The orc closely misses you.
You barely miss the orc. You grab the orc. You squeeze the orc!
You kill the orc!
The Council accepts your kill.
You feel the dreadful sensation subside.
b - a +0 arbalest (weapon)
You see here a +0 whip.
You shoot a bolt. The orc shouts!
The bolt hits the orc but does no damage.
You shoot a bolt.
The bolt hits the orc but does no damage.
You shoot a bolt. The bolt hits the orc!
You kill the orc!
The Council accepts your kill.
An orc warrior comes into view. It is wielding a +0 glaive.
The orc warrior shouts!
The orc warrior throws a stone.
The stone closely misses you.
Press: ? - help, v - describe, . - travel
Here: an orc warrior, wielding a +0 glaive, wearing a +0 plate armour, wearing an amulet of reflection and quivering stones (reflecting blocked projectiles)
The floor.
There is a stone staircase leading up here.
You start waiting.
Done waiting.
You shoot a bolt.
The bolt completely misses the sky beast.
The sky beast flickers out of sight!
Deactivating autopickup; reactivate with Ctrl-A.
No target in view!
A sky beast appears from thin air!
Reactivating autopickup.
You shoot a bolt. The bolt closely misses the sky beast.
You shoot a bolt. The bolt hits the sky beast!
The sky beast is moderately wounded.
You feel clever.
You feel a sense of dread.
a - the +8 falchion "Orb Guardian's Regret" (weapon)
{vamp, Int+2} You barely miss the sky beast.
The sky beast is moderately wounded.
The sky beast completely misses you. The sky beast hits you.
The sky beast shocks you.
You hit the sky beast but do no damage.
Your tentacle-slap misses the sky beast.
Your squeeze misses the sky beast.
The sky beast is moderately wounded.
The sky beast flickers out of sight!
Deactivating autopickup; reactivate with Ctrl-A.
Something hits you but does no damage.
You barely miss something. Something hits you. Something shocks you.
You hit something.
You feel better.
You squeeze something. Something hits you. Something shocks you.
Something completely misses you.
You hit something. Something hits you. Something shocks you.
You slash something!
You feel better. Something hits you. Something shocks you.
You slash something!
You feel better. The Council accepts your kill.
Reactivating autopickup.
You feel a bit more experienced.
There is a stone staircase leading up here.
You feel the dreadful sensation subside.
b - a +0 arbalest (weapon)
You start resting.
HP restored.
Found a stone staircase leading up.
Found a stone staircase leading down.
D - a scroll of identify
Things that are here:
a +0 whip; a +0 scale mail
As you read the scroll of identify, it crumbles to dust.
A - a scroll of acquirement
Found a short sword.
You now have 201 gold pieces (gained 7).
Found a robe.
j - 4 scrolls of noise (gained 1)
A killer bee comes into view.
Found 10 gold pieces.
You shoot a bolt. The bolt hits the killer bee!
The killer bee buzzes angrily.
The killer bee is heavily wounded.
You hear an angry buzzing noise.
A killer bee comes into view.
The killer bee moves out of view.
A killer bee comes into view.
The killer bee moves out of view.
You feel clever.
You feel a sense of dread.
a - the +8 falchion "Orb Guardian's Regret" (weapon)
{vamp, Int+2} Unknown command.
You hit the killer bee. Your grab misses the killer bee.
The killer bee is almost dead.
The killer bee stings you.
You are poisoned.
The killer bee poisons you! The killer bee closely misses you.
The killer bee misses you.
You slash the killer bee!
You kill the killer bee!
The Council accepts your kill.
You feel sick.
Unknown command.
You feel sick.
You feel sick.
You start resting.
You feel sick. x2
You are no longer poisoned.
You start resting.
HP restored.
You feel the dreadful sensation subside.
b - a +0 arbalest (weapon)
A sky beast and a killer bee come into view.
The killer bee buzzes angrily.
You shoot a bolt. The bolt closely misses the killer bee.
The killer bee stings you.
You are poisoned.
The killer bee poisons you! The killer bee stings you.
You feel clever.
You feel a sense of dread.
a - the +8 falchion "Orb Guardian's Regret" (weapon)
{vamp, Int+2} You feel sick.
The killer bee misses you.
You closely miss the killer bee. Your grab misses the killer bee.
Your squeeze misses the killer bee.
You feel sick. The killer bee misses you. The killer bee stings you.
The killer bee closely misses you.
You slash the killer bee!
You feel better.
Your grab misses the killer bee.
The killer bee is almost dead.
You feel sick. The killer bee stings you. The killer bee closely misses you.
You closely miss the killer bee. You grab the killer bee.
You squeeze the killer bee, but do no damage.
The killer bee is almost dead.
You constrict the killer bee.
You feel sick. The killer bee barely misses you. The killer bee stings you.
The killer bee closely misses you.
You barely miss the killer bee.
The killer bee is almost dead.
You constrict the killer bee.
You kill the killer bee!
The Council accepts your kill.
You feel sick.
Your Transmutations skill increases to level 9!
You feel sick.
You feel sick.
You are no longer poisoned.
You start resting.
HP restored.
You feel the dreadful sensation subside.
b - a +0 arbalest (weapon)
You see here a killer bee corpse.
You shoot a bolt. The bolt closely misses the sky beast.
You shoot a bolt. The bolt barely misses the sky beast.
The sky beast flickers out of sight!
Deactivating autopickup; reactivate with Ctrl-A.
No target in view!
Fire: b) +0 arbalest
Press: ? - help, Q - select action, (/) - cycle Shift-Dir - straight line, f - you
Okay, then.
You feel clever.
You feel a sense of dread.
a - the +8 falchion "Orb Guardian's Regret" (weapon)
{vamp, Int+2} Something completely misses you.
You barely miss something. Your squeeze misses something. Something hits you.
Something shocks you.
You hit something but do no damage.
Your tentacle-slap misses something.
Something hits you. Something shocks you.
You slash something!
You feel better.
Your squeeze misses something.
A sky beast appears from thin air!
Reactivating autopickup.
The sky beast closely misses you.
The sky beast flickers out of sight!
Deactivating autopickup; reactivate with Ctrl-A.
Something hits you. Something shocks you.
You barely miss something. You squeeze something. Something hits you.
Something shocks you.
There is a strange disturbance nearby!
You closely miss something. Something hits you. Something shocks you.
* * * LOW HITPOINT WARNING * * *
You feel much better. Something hits you. Something shocks you.
You miss something. Something hits you. Something shocks you.
* * * LOW HITPOINT WARNING * * *
Something barely misses you.
You barely miss something. Something hits you.
* * * LOW HITPOINT WARNING * * *
Something shocks you.
* * * LOW HITPOINT WARNING * * *
Okay, then.
You feel much better. Something hits you. Something shocks you.
* * * LOW HITPOINT WARNING * * *
You hit something. Your squeeze misses something. Something hits you.
* * * LOW HITPOINT WARNING * * *
Something shocks you.
* * * LOW HITPOINT WARNING * * *
You feel much better. Something hits you. Something shocks you.
You hit something.
You feel better. Something hits you. Something shocks you.
* * * LOW HITPOINT WARNING * * *
Something hits you.
* * * LOW HITPOINT WARNING * * *
Something shocks you.
* * * LOW HITPOINT WARNING * * *
You miss something. Something hits you.
You die...

Skill      XL: |  1  2  3  4  5  6  7  8  9 |
---------------+----------------------------+-----
Stealth        | 1 2 3 4 |  4.0
Transmutations | 3 4 5 6 8 9 |  9.0
Ice Magic      | 1 3 5 6 |  6.0
Fighting       | |  1.9
Dodging        | |  2.3
Unarmed Combat | |  3.9
Spellcasting   | |  2.0

Action                   |  1- 3 |  4- 6 |  7- 9 || total
-------------------------+-------+-------+-------++-------
Melee: Tentacles         |    14 |    22 |    26 ||    62
       Spear             |     9 |       |       ||     9
       Club              |     4 |       |       ||     4
       Unarmed           |     3 |       |       ||     3
       Kick              |    13 |    26 |    16 ||    55
       Constrict         |    11 |    25 |    26 ||    62
       Dagger            |    46 |    72 |       ||   118
       Punch             |     3 |     1 |     2 ||     6
       Quarterstaff      |       |    30 |    36 ||    66
       Falchion          |       |       |    91 ||    91
       Rapier            |       |       |     8 ||     8
 Fire: Arbalest          |       |       |   111 ||   111
Throw: Dart              |       |       |     6 ||     6
 Cast: Beastly Appendage |    26 |    19 |    11 ||    56
Invok: Lunge             |       |       |     1 ||     1
Evoke: Wand              |       |     4 |     1 ||     5
  Use: Scroll            |       |     7 |     7 ||    14
       Potion            |       |     2 |     8 ||    10
 Stab: Sleeping          |    11 |     6 |     2 ||    19
       Paralysed         |       |     5 |     3 ||     8
Armor: Skin              |     4 |     7 |    13 ||    24
Dodge: Dodged            |    22 |    59 |    95 ||   176

Levels and vault maps discovered:
D:1:      lemuel_arrival_funnel, layout_basic, st_stairs_14, hex_intersection,
          minmay_misc_feat_pillars, minmay_cut_off
D:2:      layout_basic, corexii_shack, grunt_decor_cap, uniq_crazy_yiuf_cottage
D:3:      layout_rooms, serial_shops, nicolae_shop_bloodbath_and_beyond,
          uniq_jessica
D:4:      layout_cave_pools, uniq_sigmund
D:5:      cheibrodos_thug_alley, layout_rooms,
          nicolae_ru_great_annihilating_truth, corexii_checkpoint_a
D:6:      layout_basic, fedhas_altar_4, temple_hall, nicolae_ossuary_entry_giza
D:7:      layout_basic, nicolae_dithmenos_through_a_glass_darkly, uniq_menkaure
Temple:   nicolae_temple_no_exploring_needed

Notes
Turn   | Place    | Note
-------+----------+-------------------------------------------
     0 | D:1      | scionoferis the Octopode Transmuter began the quest for the
                  | Orb.
     0 | D:1      | Reached XP level 1. HP: 13/13 MP: 3/3
   261 | D:1      | Reached skill level 1 in Stealth
   261 | D:1      | Reached XP level 2. HP: 18/18 MP: 3/5
   615 | D:1      | Reached skill level 3 in Transmutations
   757 | D:1      | Reached XP level 3. HP: 22/23 MP: 4/6
   939 | D:1      | Reached skill level 2 in Stealth
  2123 | D:2      | Reached XP level 4. HP: 28/28 MP: 5/7
  2128 | D:2      | Learned a level 4 spell: Ice Form
  2166 | D:2      | Found a runed translucent door.
  2167 | D:2      | Noticed Crazy Yiuf
  2241 | D:3      | Noticed Jessica
  2335 | D:3      | Found Ubbusko's Weapon Emporium.
  2485 | D:3      | Killed Jessica
  2486 | D:3      | Reached skill level 3 in Stealth
  2486 | D:3      | Reached skill level 1 in Ice Magic
  2561 | D:3      | Learned a level 2 spell: Wereblood
  2657 | D:3      | Identified the +2 ring mail of Zuriguorgh {rF+ rN+ Will+
                  | Stlth-}
  2859 | D:4      | Reached skill level 4 in Transmutations
  2948 | D:4      | Reached XP level 5. HP: 33/33 MP: 6/8
  3120 | D:4      | Noticed Sigmund
  3137 | D:4      | Upgraded the game from 0.30-a0-476-g330ca2eb8e to
                  | 0.30-a0-509-gd016549fea
  3232 | D:3      | Identified 2 potions of resistance
  3345 | D:4      | HP: 2/33 [gnoll/+0 flail[a gnoll bouda] (9)]
  3346 | D:4      | Reached skill level 2 in Ice Magic
  3558 | D:4      | Killed Sigmund
  3559 | D:4      | Reached skill level 4 in Stealth
  3559 | D:4      | Reached skill level 5 in Transmutations
  3559 | D:4      | Reached skill level 3 in Ice Magic
  3559 | D:4      | Reached XP level 6. HP: 38/38 MP: 9/9
  3789 | D:5      | Entered Level 5 of the Dungeon
  3964 | D:5      | Reached XP level 7. HP: 43/43 MP: 10/10
  4059 | D:5      | Reached skill level 4 in Ice Magic
  4262 | D:5      | Reached skill level 6 in Transmutations
  4356 | D:5      | Found a sacrificial altar of Ru.
  4656 | D:5      | Reached skill level 5 in Ice Magic
  4760 | D:5      | Reached XP level 8. HP: 40/48 MP: 9/11
  4781 | D:5      | Identified the +8 falchion "Orb Guardian's Regret" {vamp,
                  | Int+2}
  4931 | D:6      | Found a staircase to the Ecumenical Temple.
  5043 | D:6      | Reached skill level 7 in Transmutations
  5069 | D:6      | Upgraded the game from 0.30-a0-509-gd016549fea to
                  | 0.30-a0-528-g8c47a4955b
  5136 | D:6      | Found a sand-covered staircase.
  5203 | Ossuary  | Entered an ossuary
  5203 | Ossuary  | Noticed a wraith
  5203 | Ossuary  | Noticed a wraith
  5203 | Ossuary  | Noticed a wraith
  5426 | Ossuary  | Noticed a wraith
  5462 | Ossuary  | Killed a wraith
  5579 | D:6      | Reached skill level 6 in Ice Magic
  5730 | Temple   | Entered the Ecumenical Temple
  5737 | Temple   | Became a worshipper of the Wu Jian Council
  5890 | D:6      | Found a blossoming altar of Fedhas.
  6427 | D:2      | Killed Crazy Yiuf
  6428 | D:2      | Reached skill level 8 in Transmutations
  6618 | D:7      | Noticed Menkaure
  6775 | D:7      | Found a shadowy altar of Dithmenos.
  6780 | D:7      | Identified the +4 rapier "Mimigg" {freeze, rPois Dex+4}
  6947 | D:7      | Killed Menkaure
  6948 | D:7      | Reached XP level 9. HP: 53/53 MP: 12/12
  7250 | D:7      | Identified a scroll of acquirement
  7326 | D:7      | Reached skill level 9 in Transmutations
  7397 | D:7      | HP: 4/54 [something (5)]
  7402 | D:7      | Slain by a sky beast

Vanquished Creatures
  Sigmund (D:4)
  A wraith (Ossuary)
  Menkaure (D:7)
  A sky beast (D:7)
  An ogre (D:5)
  A centaur (D:5)
  A phantom (D:6)
  A kobold brigand (D:5)
  3 scorpions (D:5 D:6)
  3 killer bees (D:7)
  4 hounds (D:5 D:6)
  2 jellies (D:5 D:6)
  Crazy Yiuf (D:2)
  A gnoll bouda (D:4)
  Jessica (D:3)
  2 iguanas (D:7)
  5 orc wizards (D:5 D:6 D:7)
  2 mummies (D:6 Ossuary)
  10 adders (D:2 D:4 D:5 D:6)
  5 gnolls (D:1 D:4)
  A shadow imp (D:6)
  4 ufetubi (D:4 D:5 D:6)
  A worm (D:3)
  3 dart slugs (D:2 D:4)
  14 orcs (D:3 D:4 D:5 D:6 D:7)
  5 ball pythons (D:2 D:3 D:4)
  11 endoplasms (D:1 D:2 D:3 D:4)
  3 giant cockroaches (D:1 D:4 D:5)
  3 goblins (D:2 D:3)
  8 hobgoblins (D:1 D:2 D:3 D:5)
  A quokka (D:4)
  6 bats (D:1 D:2 D:3)
  4 frilled lizards (D:1 D:2 D:3 D:5)
  2 gnoll skeletons (Ossuary)
  16 kobolds (D:1 D:2 D:3 D:4 D:5)
  6 kobold skeletons (Ossuary)
  17 orc skeletons (Ossuary)
  2 orc zombies (D:6)
  4 rats (D:1 D:3)
158 creatures vanquished.

Vanquished Creatures (others)
  A plant (D:2)
1 creature vanquished.

Grand Total: 159 creatures vanquished

Table legend: (Time is in decaauts)
 A = Elapsed time spent in this place.
 B = Non-inter-level travel time spent in this place.
 C = Inter-level travel time spent in this place.
 D = Time resting spent in this place.
 E = Time spent auto-exploring this place.
 F = Levels seen in this place.
 G = Mean time per level.
                   A        B        C        D        E       F      G
               +--------+--------+--------+--------+--------+-----+--------+
         Total |   7534 |   7111 |    423 |   1489 |   3204 |   9 |  837.1 |
       Dungeon |   7154 |   6743 |    411 |   1464 |   3204 |   7 | 1022.0 |
        Temple |     14 |      2 |     12 |      0 |      0 |   1 |   14.0 |
       Ossuary |    364 |    364 |      0 |     25 |      0 |   1 |  364.0 |
               +--------+--------+--------+--------+--------+-----+--------+

Top non-repeatable levels by time:
     D:1: 1243 daAuts
     D:2: 1182 daAuts
     D:6: 1118 daAuts
     D:3: 955 daAuts
     D:5: 939 daAuts
     D:4: 899 daAuts
     D:7: 815 daAuts
 Ossuary: 364 daAuts
  Temple: 14 daAuts

Table legend:
 A = Non-vault XP
 B = Vault XP
 C = Vault XP percentage of total XP
 D = Non-vault monster count
 E = Vault monster count
 F = Vault count percentage of total count
                 A         B        C        D         E       F
            +---------+---------+-------+---------+---------+-------
      Total |    1785 |     905 |  33.6 |     103 |      55 |  34.8
            +---------+---------+-------+---------+---------+-------
        D:1 |      33 |       6 |  15.4 |      12 |       5 |  29.4
        D:2 |      42 |      41 |  49.4 |      15 |       2 |  11.8
        D:3 |      34 |      37 |  52.1 |      17 |       1 |   5.6
        D:4 |     183 |     223 |  54.9 |      20 |       1 |   4.8
        D:5 |     643 |     158 |  19.7 |      14 |      15 |  51.7
        D:6 |     412 |      20 |   4.6 |      16 |       3 |  15.8
        D:7 |     438 |     172 |  28.2 |       9 |       1 |  10.0
    Ossuary |       0 |     248 | 100.0 |       0 |      27 | 100.0
            +---------+---------+-------+---------+---------+-------
